 Dungeon Crawl Stone Soup version 0.30-a0-368-g86fb4627a9 (webtiles) character file.

Game seed: 10595957630690585317

1183 purpskrrrp the Covered (level 8, -9/71 HPs)
             Began as a Hill Orc Fighter on Nov 18, 2022.
             Was an Initiate of Beogh.
             Mangled by a troll (10 damage)
             ... on level 6 of the Dungeon.
             The game lasted 00:05:41 (4516 turns).

purpskrrrp the Covered (Hill Orc Fighter)           Turns: 4516, Time: 00:05:41

Health: -9/71      AC: 19    Str: 21    XL:     8   Next: 42%
Magic:  8/8        EV: 10    Int:  8    God:    Beogh [......]
Gold:   212        SH: 10    Dex: 10    Spells: 7/7 levels left

rFire   . . .      SeeInvis .    a - +3 war axe
rCold   . . .      Faith    .    c - +0 buckler
rNeg    + . .      Spirit   .    e - +2 plate armour {rPois}
rPois   +          Reflect  +    (no helmet)
rElec   .          Harm     .    (no cloak)
rCorr   .          Rampage  .    l - +0 pair of gloves
Will    .....                    v - +1 pair of boots
Stlth   ..........               r - amulet of reflection
HPRegen 0.31/turn                o - +4 ring of evasion
MPRegen 0.11/turn                h - ring of positive energy

@: mighty
A: no striking features
a: Renounce Religion


You were on level 6 of the Dungeon.
You worshipped Beogh.
Beogh was noncommittal.
You visited 1 branch of the dungeon, and saw 6 of its levels.

You collected 212 gold pieces.

Inventory:

Hand Weapons
 a - a +3 war axe (weapon)
Armour
 b - a +0 scale mail
 c - a +0 buckler (worn)
 e - a +2 plate armour of poison resistance (worn)
 l - a +0 pair of gloves (worn)
 v - a +1 pair of boots (worn)
Jewellery
 h - a ring of positive energy (right hand)
 m - a ring of ice
 o - a +4 ring of evasion (left hand)
 r - an amulet of reflection (around neck)
Wands
 p - a wand of charming (8)
Scrolls
 q - 2 scrolls of blinking
 s - a scroll of amnesia
 t - a scroll of butterflies
 u - a scroll of poison
Potions
 d - a potion of might
 f - a potion of mutation {unknown}
 g - a potion of cancellation {unknown}
 i - a potion of ambrosia {unknown}
 j - 3 potions of brilliance {unknown}
 k - 2 potions of degeneration {unknown}


   Skills:
 + Level 6.3 Fighting
 + Level 6.2 Axes
 * Level 7.5 Armour
 + Level 5.8 Shields


You had 7 spell levels left.
You didn't know any spells.
Your spell library contained the following spells:

 Spells                   Type           Power      Damage    Failure   Level
 Summon Small Mammal      Summ           0%         N/A       100%        1
 Call Canine Familiar     Summ           0%         N/A       100%        3
 Summon Guardian Golem    Hex/Summ       0%         N/A       100%        3


Dungeon Overview and Level Annotations

Branches:
Dungeon (6/15)             Temple (0/1) D:5

Altars:
Elyvilon
Gozag
Nemelex Xobeh
Sif Muna
Trog
Xom

Shops:
D:5 [   D:6 =

Annotations:
D:5 3 runed translucent doors, ponyjar's ghost, weakling OpDe


Message History

You hit the troll but do no damage.
The troll is lightly wounded.
You block the troll's attack. The troll misses you.
You block the troll's attack.
You closely miss the troll.
The troll is lightly wounded.
The troll bites you! The troll claws you but does no damage.
You block the troll's attack. x3; The troll claws you.
* * * LOW HITPOINT WARNING * * *
You hit the troll but do no damage.
The troll is lightly wounded.
You block the troll's attack. The troll claws you but does no damage.
The troll barely misses you.
You barely miss the troll.
The troll is lightly wounded.
You block the troll's attack. The troll claws you but does no damage.
You block the troll's attack.
You feel very mighty all of a sudden. The troll barely misses you.
The troll misses you. The troll claws you but does no damage.
You hit the troll.
The troll is lightly wounded.
The troll bites you.
* * * LOW HITPOINT WARNING * * *
The troll completely misses you. You block the troll's attack.
You slash the troll!
The troll is moderately wounded.
The troll bites you!
* * * LOW HITPOINT WARNING * * *
The troll claws you but does no damage. You block the troll's attack.
The troll bites you but does no damage. The troll closely misses you.
The troll claws you.
* * * LOW HITPOINT WARNING * * *
You feel better. You block the troll's attack. The troll claws you.
* * * LOW HITPOINT WARNING * * *
You block the troll's attack.
You feel better. The troll bites you!
* * * LOW HITPOINT WARNING * * *
The troll claws you!
You die...

#####.#†.......#.###.#
#.#....###.'.#...#
#.########.'.#._.#
#.......##.'.#...#
##.......##.#.###.#
#...........#.....#
#........##.#######
#.T......#.........
#.@......#..#.#####
#........#..#.# #
#........#..#.# .
#..#######..#.# . #...
...#.# #. #... .#..#.#
.. .... .#..#.# ..
.####


You could see a troll.

Vanquished Creatures
  Grinder (D:4)
  2 black bears
  An ogre (D:5)
  2 centaurs (D:5)
  A phantom (D:5)
  A necrophage (D:5)
  2 scorpions
  A hound (D:5)
  An iguana (D:5)
  Terence (D:2)
  An orc wizard (D:5)
  4 gnolls (D:5)
  4 adders
  A shadow imp (D:5)
  An ufetubus (D:5)
  2 worms (D:2)
  5 dart slugs
  3 orcs
  8 endoplasms
  3 giant cockroaches
  6 goblins
  8 hobgoblins
  2 jackals (D:1)
  5 quokkas
  4 ball pythons
  11 bats
  3 frilled lizards
  9 kobolds
  2 rats (D:1)
95 creatures vanquished.

Notes
Turn   | Place    | Note
-------+----------+-------------------------------------------
     0 | D:1      | purpskrrrp the Hill Orc Fighter began the quest for the
                  | Orb.
     0 | D:1      | Reached XP level 1. HP: 19/19 MP: 1/1
    66 | D:1      | Reached XP level 2. HP: 26/27 MP: 2/2
   372 | D:1      | Reached XP level 3. HP: 30/33 MP: 3/3
   568 | D:1      | Reached skill level 4 in Armour
   996 | D:2      | Noticed Terence
  1000 | D:2      | Killed Terence
  1001 | D:2      | Reached XP level 4. HP: 40/40 MP: 4/4
  1134 | D:2      | Found a shimmering blue altar of Sif Muna.
  1684 | D:3      | Found Dataptie's Assorted Antiques.
  1686 | D:3      | Found an opulent altar of Gozag.
  1852 | D:3      | Found a white marble altar of Elyvilon.
  1944 | D:3      | Became a worshipper of Beogh the Brigand
  2186 | D:3      | Reached XP level 5. HP: 47/47 MP: 5/5
  2763 | D:4      | Noticed a black bear
  2774 | D:4      | Killed a black bear
  2775 | D:4      | Reached skill level 5 in Armour
  2777 | D:4      | Reached XP level 6. HP: 46/53 MP: 6/6
  3303 | D:4      | Noticed Grinder
  3326 | D:4      | Killed Grinder
  3327 | D:4      | Reached skill level 5 in Fighting
  3327 | D:4      | Reached skill level 5 in Axes
  3327 | D:4      | Reached skill level 6 in Armour
  3327 | D:4      | Reached XP level 7. HP: 55/61 MP: 7/7
  3399 | D:5      | Entered Level 5 of the Dungeon
  3457 | D:5      | Reached skill level 5 in Shields
  3727 | D:5      | Reached skill level 7 in Armour
  3727 | D:5      | Reached XP level 8. HP: 63/70 MP: 8/8
  3754 | D:5      | Found a bloodstained altar of Trog.
  3775 | D:5      | Found Ycan's Antique Armour Boutique.
  3854 | D:5      | Found a runed translucent gate.
  3855 | D:5      | Found a runed translucent gate.
  3857 | D:5      | Found a runed translucent gate.
  3857 | D:5      | Found an opulent altar of Gozag.
  3861 | D:5      | Noticed a hornet
  3861 | D:5      | Noticed ponyjar's ghost (weakling OpDe)
  3900 | D:5      | Found a staircase to the Ecumenical Temple.
  4193 | D:5      | Found a shimmering blue altar of Sif Muna.
  4193 | D:5      | Found a shimmering altar of Xom.
  4396 | D:6      | Found Ikloud's Jewellery Shop.
  4468 | D:6      | Found a sparkling altar of Nemelex Xobeh.
  4496 | D:6      | Noticed a troll
  4516 | D:6      | HP: 1/71 [troll (14)]
  4516 | D:6      | Mangled by a troll

Illustrated notes

Levels and vault maps discovered:
D:1:      ebering_trefoil_3fold, layout_basic
D:2:      layout_basic, basic_altar, uniq_terence
D:3:      layout_loops_ring, elyvilon_altar_5,
          nicolae_gozag_cash_rules_everything_around_me, serial_shops, shop
D:4:      layout_cave_pods, hex_medium, uniq_grinder
D:5:      layout_rooms, mainiacjoe_overflow_small_starburst,
          nicolae_overflow_two_pavilions, lemuel_temple_firewalk_b,
          serial_shops, nicolae_diamond_shop, ebering_ghost_gozag
D:6:      wander_river, layout_basic, mainiacjoe_overflow_alcove_4,
          mainiacjoe_overflow_catch_the_wave, portal_sewer_entry_f,
          serial_shops, shop, nicolae_stop_n_shop_2, nicolae_stop_n_shop_1,
          nicolae_lakefront_shop, nicolae_shop_waterfront,
          hangedman_abyss_or_decor_passed, uniq_blork_the_orc

Skill      XL: |  1  2  3  4  5  6  7  8 |
---------------+-------------------------+-----
Axes           | 3 4 5 6 |  6.2
Fighting       | 4 5 6 |  6.3
Armour         | 4 5 6 7 |  7.5
Shields        | 4 5 |  5.8

Action                   |  1- 3 |  4- 6 |  7- 9 || total
-------------------------+-------+-------+-------++-------
Melee: War axe           |    73 |   135 |    95 ||   303
Invok: Convert to Beogh  |       |     1 |       ||     1
  Use: Scroll            |     3 |     6 |     6 ||    15
       Potion            |       |       |     7 ||     7
Armor: Plate armour      |    45 |    76 |    80 ||   201
Dodge: Dodged            |    25 |    46 |    48 ||   119
Block: Buckler           |    15 |    69 |    64 ||   148
       Reflection        |       |       |     3 ||     3

Table legend: (Time is in decaauts)
 A = Elapsed time spent in this place.
 B = Non-inter-level travel time spent in this place.
 C = Inter-level travel time spent in this place.
 D = Time resting spent in this place.
 E = Time spent auto-exploring this place.
 F = Levels seen in this place.
 G = Mean time per level.
                   A        B        C        D        E       F      G
               +--------+--------+--------+--------+--------+-----+--------+
         Total |   4615 |   4505 |    110 |    138 |   3505 |   6 |  769.2 |
       Dungeon |   4615 |   4505 |    110 |    138 |   3505 |   6 |  769.2 |
               +--------+--------+--------+--------+--------+-----+--------+

Top non-repeatable levels by time:
     D:5: 1007 daAuts
     D:4: 915 daAuts
     D:3: 886 daAuts
     D:2: 850 daAuts
     D:1: 820 daAuts
     D:6: 134 daAuts
